 Dungeon Sprint DCSS version 0.31-a0-1-g4198be8af4 (webtiles) character file.

Game seed: 14025569663297193850

3864 sircluck the Brawler (level 9, -3/101 HPs)
             Began as a Troll Berserker on May 2, 2023.
             Was the Champion of Trog.
             Slain by a blink frog (16 damage)
             ... in the Dungeon (Sprint VII: "The Pits").
             The game lasted 00:02:22 (722 turns).

sircluck the Brawler (Troll Berserker)               Turns: 722, Time: 00:02:23

Health: -3/101     AC:  7    Str: 34    XL:     9   Next: 99%
Magic:  8/8        EV: 12    Int:  3    God:    Trog [******]
Gold:   0          SH:  0    Dex:  9    Spells: 8/8 levels left

rFire   . .          .
                       - Unarmed
rCold   . . .        (no shield)
rNeg    . . .        a - +0 animal skin
rPois   .            (helmet restricted)
rElec   .            (no cloak)
rCorr   .            (gloves unavailable)
SInv    .            (boots unavailable)
Will    .....        (no amulet)
Stlth   +            l - +3 ring of strength
HPRegen 1.16/turn    m - +3 ring of protection
MPRegen 0.11/turn

%: no teleportation
@: no status effects
A: large, unfitting armour, claws 3, regeneration 1, shaggy fur 1, tough skin 1
a: Renounce Religion, Berserk, Trog's Hand, Brothers in Arms


You were in the Dungeon.
You worshipped Trog.
Trog was exalted by your worship.
You visited 1 branch

Inventory:

Missiles
 i - 10 stones (quivered)
Armour
 a - a +0 animal skin (worn)
Jewellery
 l - a +3 ring of strength (left claw)
 m - a +3 ring of protection (right claw)
Wands
 k - a wand of acid (3)
Scrolls
 g - a scroll of blinking
 j - a scroll of butterflies
Potions
 b - 6 potions of curing
 c - 16 potions of heal wounds
 d - 2 potions of haste
 e - 4 potions of magic
 f - 4 potions of berserk rage
 h - 2 potions of invisibility
 n - a potion of might


   Skills:
 + Level 10.0 Fighting
 + Level 10.5 Dodging
 + Level 0.8 Stealth
 + Level 16.6 Unarmed Combat


You had 8 spell levels left.
You didn't know any spells.
Your spell library was empty.

Dungeon Overview and Level Annotations

Branches:
Dungeon (1/1)

Altars:
Ashenzari
Cheibriados
Dithmenos
Elyvilon
Fedhas
Gozag
Hepliaklqana
Kikubaaqudgha
Makhleb
Nemelex Xobeh
Okawaru
Qazlal
Ru
Sif Muna
Trog
Uskayaw
Vehumet
Wu Jian
Xom
Yredelemnul
Zin
The Shining One
Jiyva
Lugonu


Innate Abilities, Weirdness & Mutations

You are too large for most types of armour.
You have claws for hands.
Your natural rate of healing is unusually fast.
You are covered in fur. (AC +1)
You have tough skin. (AC +1)


Message History

a basilisk corpse; a blink frog corpse The blink frog closely misses you.
Things that are here:
a basilisk corpse; a blink frog corpse The blink frog closely misses you.
You closely miss the blink frog. The blink frog hits you!
* * * LOW HITPOINT WARNING * * *
You miss the blink frog. Your claw misses the blink frog.
The blink frog hits you but does no damage.
You closely miss the blink frog. The blink frog barely misses you.
You miss the blink frog. Your claw misses the blink frog.
The blink frog hits you.
* * * LOW HITPOINT WARNING * * *
The blink frog blinks!
You claw the blink frog!
The blink frog is heavily wounded.
The blink frog barely misses you.
You closely miss the blink frog. Your claw misses the blink frog.
The blink frog is heavily wounded.
The blink frog barely misses you. The blink frog hits you!
* * * LOW HITPOINT WARNING * * *
The blink frog blinks!
The blink frog hits you.
* * * LOW HITPOINT WARNING * * *
The blink frog blinks!
A blink frog is nearby!
The blink frog hits you.
* * * LOW HITPOINT WARNING * * *
The blink frog hits you.
* * * LOW HITPOINT WARNING * * *
Things that are here:
a basilisk corpse; a blink frog corpse You scratch the blink frog.
The blink frog is severely wounded.
You closely miss the blink frog.
The blink frog is severely wounded.
The blink frog blinks!
The blink frog hits you!
You die...

)[.##.......##..#...#
)[.##.......##)†'..#
#####.......##.##..#
#..#############...+
#)########### #....#
#)#....#..[[##..#..##
#'#....#..[[##.###..##
#.'....'..))####.##..#
#)#....#..))# #F@†§..+
')#....#..))##....#..#
######################


You could see a blink frog.

Vanquished Creatures
  2 boulder beetles (D)
  An elephant (D)
  An unseen horror (D)
  2 blink frogs (D)
  Prince Ribbit (D)
  A jumping spider (D)
  A flying skull (D)
  A wraith (D)
  2 basilisks (D)
  A redback (D)
  A vampire mosquito (D)
  A water moccasin (D)
  A floating eye (D)
  A sky beast (D)
  A centaur (D)
  A bullfrog (D)
  A gnoll sergeant (D)
  Ijyb (D)
  A mummy (D)
  An adder (D)
  2 ufetubi (D)
  An adder zombie (D)
  A worm (D)
  4 orcs (D)
  2 ball pythons (D)
  An endoplasm (D)
  A goblin (D)
  A ball python zombie (D)
  3 bats (D)
39 creatures vanquished.

Notes
Turn   | Place    | Note
-------+----------+-------------------------------------------
     0 | D        | sircluck the Troll Berserker began the quest for the Orb.
     0 | D        | Reached XP level 1. HP: 22/22 MP: 0/0
    19 | D        | Reached XP level 2. HP: 27/31 MP: 1/1
    56 | D        | Found a bloodstained altar of Trog.
    56 | D        | Found a shimmering blue altar of Sif Muna.
    56 | D        | Found a viscous altar of Jiyva.
    56 | D        | Found a hazy altar of Hepliaklqana.
    56 | D        | Found an opulent altar of Gozag.
    81 | D        | Found a glowing golden altar of the Shining One.
    81 | D        | Found a glowing silver altar of Zin.
    81 | D        | Found a basalt altar of Yredelemnul.
    81 | D        | Found a shimmering altar of Xom.
    81 | D        | Found an ornate altar of the Wu Jian Council.
    81 | D        | Found a sacrificial altar of Ru.
    81 | D        | Found a stormy altar of Qazlal.
    81 | D        | Found an iron altar of Okawaru.
    81 | D        | Found a sparkling altar of Nemelex Xobeh.
    81 | D        | Found a burning altar of Makhleb.
    81 | D        | Found a blossoming altar of Fedhas.
    81 | D        | Found a white marble altar of Elyvilon.
    81 | D        | Found a shadowy altar of Dithmenos.
    81 | D        | Found a snail-covered altar of Cheibriados.
    86 | D        | Noticed a floating eye
    88 | D        | Killed a floating eye
    89 | D        | Reached skill level 5 in Fighting
    89 | D        | Reached skill level 6 in Unarmed Combat
    89 | D        | Reached XP level 3. HP: 42/42 MP: 2/2
    89 | D        | Reached XP level 4. HP: 50/50 MP: 3/3
    92 | D        | Reached ** piety under Trog
    99 | D        | Noticed a bullfrog
   105 | D        | Killed a bullfrog
   106 | D        | Reached skill level 5 in Dodging
   106 | D        | Reached skill level 7 in Unarmed Combat
   106 | D        | Reached XP level 5. HP: 55/59 MP: 4/4
   107 | D        | Reached *** piety under Trog
   158 | D        | Noticed a sky beast
   167 | D        | Reached **** piety under Trog
   186 | D        | Killed a sky beast
   187 | D        | Reached skill level 8 in Unarmed Combat
   187 | D        | Reached XP level 6. HP: 46/68 MP: 5/5
   188 | D        | Reached ***** piety under Trog
   209 | D        | Noticed a flying skull
   216 | D        | Killed a flying skull
   217 | D        | Reached skill level 9 in Unarmed Combat
   255 | D        | Noticed a vampire mosquito
   261 | D        | Killed a vampire mosquito
   262 | D        | Reached skill level 10 in Unarmed Combat
   262 | D        | Reached XP level 7. HP: 50/78 MP: 6/6
   289 | D        | Noticed a basilisk
   289 | D        | Noticed a wraith
   300 | D        | Killed a wraith
   301 | D        | Reached skill level 11 in Unarmed Combat
   302 | D        | Killed a basilisk
   302 | D        | Received a gift from Trog
   347 | D        | Noticed Ijyb
   351 | D        | Reached XP level 8. HP: 81/88 MP: 1/7
   356 | D        | Killed Ijyb
   357 | D        | Reached skill level 12 in Unarmed Combat
   455 | D        | Found a radiant altar of Vehumet.
   455 | D        | Found a corrupted altar of Lugonu.
   458 | D        | Found a hide-covered altar of Uskayaw.
   458 | D        | Found an ancient bone altar of Kikubaaqudgha.
   458 | D        | Found a broken altar of Ashenzari.
   480 | D        | Noticed Prince Ribbit
   481 | D        | Noticed a boulder beetle
   481 | D        | Noticed a boulder beetle
   491 | D        | Killed a boulder beetle
   492 | D        | Reached skill level 13 in Unarmed Combat
   499 | D        | Killed a boulder beetle
   499 | D        | Reached ****** piety under Trog
   500 | D        | Reached skill level 14 in Unarmed Combat
   500 | D        | Reached XP level 9. HP: 47/98 MP: 8/8
   511 | D        | Killed Prince Ribbit
   561 | D        | Noticed an elephant
   568 | D        | Killed an elephant
   569 | D        | Reached skill level 10 in Dodging
   569 | D        | Reached skill level 15 in Unarmed Combat
   583 | D        | Received a gift from Trog
   607 | D        | Killed an unseen horror
   685 | D        | Reached skill level 16 in Unarmed Combat
   692 | D        | Reached skill level 10 in Fighting
   722 | D        | Slain by a blink frog

Illustrated notes

Levels and vault maps discovered:
D:        pitsprint [storerooms_1, entrance_room_1, metal_vault_7, armoury_1,
          mini_pit_1, grid_room_1, main_hall_1, silver_pit, the_coven_1,
          the_vestibule_1, steel_vault_4, golden_pit, hallway_of_sentries,
          crystal_vault_3, iron_vault_2, final_vault]

Skill      XL: |  1  2  3  4  5  6  7  8  9 |
---------------+----------------------------+-----
Fighting       | 3 5 6 7 8 9 10 | 10.0
Dodging        | 3 4 5 6 7 8 9 10 | 10.5
Unarmed Combat | 6 7 8 10 11 14 16 | 16.6
Stealth        | |  0.8

Action                     |  1- 3 |  4- 6 |  7- 9 || total
---------------------------+-------+-------+-------++-------
  Melee: Unarmed           |     6 |    61 |    62 ||   129
         Punch             |     1 |     1 |     7 ||     9
 Invoke: Berserk           |       |       |     1 ||     1
 Armour: Animal skin       |     1 |    13 |    29 ||    43
  Dodge: Dodged            |     3 |    35 |    39 ||    77

Table legend: (Time is in decaauts)
 A = Elapsed time spent in this place.
 B = Non-inter-level travel time spent in this place.
 C = Inter-level travel time spent in this place.
 D = Time resting spent in this place.
 E = Time spent auto-exploring this place.
 F = Levels seen in this place.
 G = Mean time per level.
                   A        B        C        D        E       F      G
               +--------+--------+--------+--------+--------+-----+--------+
         Total |    712 |    693 |     19 |     86 |    167 |   1 |  712.0 |
       Dungeon |    712 |    693 |     19 |     86 |    167 |   1 |  712.0 |
               +--------+--------+--------+--------+--------+-----+--------+

Top non-repeatable levels by time:
       D: 712 daAuts
